 Dungeon Crawl Stone Soup version 0.29-a0-830-gcb1280458a (webtiles) character file.

Game seed: 2699222470578623076

20 blackman the Charlatan (level 3, 0/26 HPs)
             Began as a Human Artificer on July 11, 2022.
             Slain by a kobold
             ... wielding a +1 whip of electrocution
              (17 damage)
             ... on level 2 of the Dungeon.
             The game lasted 00:01:42 (1588 turns).

blackman the Charlatan (Human Artificer)            Turns: 1588, Time: 00:01:43

Health: 0/26       AC: 10    Str: 14    XL:     3   Next: 0%
Magic:  3/3        EV:  4    Int: 11    God:
Gold:   70         SH:  0    Dex: 13    Spells: 2/2 levels left

rFire   . . .      SeeInvis .   a - +0 club
rCold   . . .      Faith    .   (no shield)
rNeg    . . .      Spirit   .   n - +0 plate armour
rPois   .          Reflect  .   (no helmet)
rElec   .          Harm     .   (no cloak)
rCorr   .          Rampage  .   (no gloves)
Will    .....                   (no boots)
Stlth   ..........              (no amulet)
HPRegen 0.08/turn               (no ring)
MPRegen 0.08/turn               (no ring)

@: no status effects
A: no striking features
a: no special abilities


You were on level 2 of the Dungeon.
You visited 1 branch of the dungeon, and saw 2 of its levels.

You collected 70 gold pieces.

Inventory:

Hand Weapons
 a - a +0 club (weapon)
Missiles
 l - 3 javelins
Armour
 b - a +0 leather armour
 n - a +0 plate armour (worn)
Wands
 c - a wand of flame (15) (quivered)
 d - a wand of charming (15)
 e - a wand of iceblast (9)
Scrolls
 f - a scroll of teleportation {unknown}
 i - a scroll of fog {unknown}
 j - 2 scrolls of poison {unknown}
 m - a scroll of acquirement {unknown}
 o - a scroll of amnesia {unknown}
Potions
 g - 2 potions of brilliance {unknown}
 h - 3 potions of mutation {unknown}
 k - a potion of flight {unknown}


   Skills:
 - Level 1.0 Fighting
 - Level 2.0 Armour
 - Level 1.0 Dodging
 - Level 1.0 Stealth
 + Level 3.9 Evocations


You had 2 spell levels left.
You didn't know any spells.
Your spell library contained the following spells:

 Spells                   Type           Power      Damage    Failure   Level
 Necrotise                Necr           0%         1d4       100%        1
 Vampiric Draining        Necr           0%         2d6       100%        3
 Agony                    Necr           0%         N/A       100%        5


Dungeon Overview and Level Annotations

Branches:
Dungeon (2/15)

Altars:


Message History

You now have 55 gold pieces (gained 6).
Found a stone staircase leading down.
Found 4 stones.
There is a stone staircase leading down here.
You see here 4 stones.
Key pressed, stopping explore.
Key pressed, stopping explore.
Key pressed, stopping explore.
Key pressed, stopping explore.
Key pressed, stopping explore.
Key pressed, stopping explore.
A rat comes into view.
A rat is nearby!
A rat is nearby!
A rat is nearby!
Found 15 gold pieces.
You closely miss the rat. The rat bites you but does no damage.
You hit the rat but do no damage. The rat barely misses you.
You hit the rat.
You kill the rat!
You have reached level 3!
Your experience leads to an increase in your attributes!
Increase (S)trength, (I)ntelligence, or (D)exterity?
You feel stronger. x2
Found a robe.
Key pressed, stopping explore.
You now have 70 gold pieces (gained 15).
A kobold comes into view.
It is wielding a +1 whip of electrocution.
The kobold shouts!
The kobold throws a stone.
The stone hits you but does no damage.
A kobold is nearby!
A kobold is nearby!
A kobold is nearby!
A kobold is nearby!
The kobold throws a stone.
The stone hits you. The kobold hits you but does no damage.
You are electrocuted!
You hit the kobold but do no damage.
The kobold hits you but does no damage. x2
You are electrocuted!
Ouch! That really hurt!
You die...

.#+############
..............#
..............#
..............#
...$..........#
#####..##.....[.K......#
.... ...........@......#
... ..##..............#
..# ..##..............#
#.####.##..............#
<......##..............#
###.##.##..............#
........#..............#
#.####..#...†..........#
........#.##############


You could see a kobold.

Vanquished Creatures
  3 ball pythons (D:1)
  An endoplasm (D:1)
  3 giant cockroaches (D:1)
  2 hobgoblins (D:1)
  A quokka (D:1)
  3 goblins (D:1)
  A kobold (D:1)
  4 rats
18 creatures vanquished.

Notes
Turn   | Place    | Note
-------+----------+-------------------------------------------
     0 | D:1      | blackman the Human Artificer began the quest for the Orb.
     0 | D:1      | Reached XP level 1. HP: 15/15 MP: 1/1
   348 | D:1      | Reached XP level 2. HP: 20/21 MP: 2/2
  1574 | D:2      | Reached XP level 3. HP: 26/26 MP: 3/3
  1588 | D:2      | Slain by a kobold

Illustrated notes

Levels and vault maps discovered:
D:1:      heliophobic_arrival_ceremonial_halls, layout_basic
D:2:      layout_basic, basic_altar, minmay_puff

Action                   || total
-------------------------++-------
Melee: Club              ||    75
Armor: Leather armour    ||    21
       Plate armour      ||    16
Dodge: Dodged            ||    32

Table legend: (Time is in decaauts)
 A = Elapsed time spent in this place.
 B = Non-inter-level travel time spent in this place.
 C = Inter-level travel time spent in this place.
 D = Time resting spent in this place.
 E = Time spent auto-exploring this place.
 F = Levels seen in this place.
 G = Mean time per level.
                   A        B        C        D        E       F      G
               +--------+--------+--------+--------+--------+-----+--------+
         Total |   1610 |   1579 |     31 |      0 |   1400 |   2 |  805.0 |
       Dungeon |   1610 |   1579 |     31 |      0 |   1400 |   2 |  805.0 |
               +--------+--------+--------+--------+--------+-----+--------+

Top non-repeatable levels by time:
     D:1: 1524 daAuts
     D:2: 85 daAuts
